2005 views
Uploaded 2022-09-24 02:40:11
Game version 1.33
62:27 long 4on4 ladder game on (8)Deadlock_LV
Saved by GIGA
2005 views
Uploaded 2022-09-24 02:40:11
Game version 1.33
62:27 long 4on4 ladder game on (8)Deadlock_LV


180 units @ 19.3k
/ 1.7k
354 buildings @ 42.7k
/ 27.2k

| Peon | 8 | 600 | / | 0 |
| total: | 8 | 600g | / | 0w |
| Altar of Storms | 1 | 180 | / | 50 |
| Orc Burrow | 2 | 320 | / | 80 |
| War Mill | 1 | 205 | / | 0 |
| Barracks | 1 | 180 | / | 50 |
| Stronghold | 1 | 315 | / | 190 |
| total: | 5 | 885g | / | 180w |
| 0:04 | Peon |
| 0:04 | Peon |
| 0:21 | Altar of Storms |
| 0:27 | Peon |
| 0:39 | Orc Burrow |
| 0:49 | Peon |
| 0:55 | War Mill |
| 0:59 | Peon |
| 1:00 | Peon |
| 1:42 | Orc Burrow |
| 2:00 | Peon |
| 2:00 | Peon |
| 2:29 | Stronghold |
| 2:40 | Wind Walk |
| 2:53 | Barracks |
| Right click | 22 |
| Select | 20 |
| Build/train/purchase | 13 |
| Esc | 1 |


| Orb of Venom | 1 | 325 |
| Scroll of Town Portal | 5 | 1750 |
| Boots of Speed | 2 | 500 |
| Scroll of Regeneration | 1 | 100 |
| total: | 9 | 2675g |
| Wisp | 41 | 2460 | / | 0 |
| Archer | 37 | 4810 | / | 370 |
| Hippogryph | 16 | 2560 | / | 320 |
| total: | 94 | 9830g | / | 690w |
| Moon Well | 13 | 2340 | / | 520 |
| Ancient of War | 3 | 450 | / | 180 |
| Altar of Elders | 2 | 360 | / | 100 |
| Ancient of Wonders | 2 | 180 | / | 60 |
| Hunter's Hall | 2 | 420 | / | 200 |
| Tree of Life | 5 | 1700 | / | 925 |
| Ancient of Wind | 2 | 300 | / | 280 |
| Tree of Ages | 3 | 960 | / | 540 |
| Tree of Eternity | 1 | 330 | / | 200 |
| total: | 29 | 5750g | / | 2265w |
| 0:03 | Wisp |
| 0:03 | Wisp |
| 0:19 | Wisp |
| 0:30 | Wisp |
| 0:33 | Moon Well |
| 0:41 | Wisp |
| 0:47 | Ancient of War |
| 0:59 | Wisp |
| 1:01 | Moon Well |
| 1:10 | Wisp |
| 1:25 | Altar of Elders |
| 1:41 | Wisp |
| 1:49 | Archer |
| 2:03 | Ancient of Wonders |
| 2:05 | Archer |
| 2:17 | Moon Well |
| 2:26 | Archer |
| 2:44 | Wisp |
| 2:50 | Archer |
| 3:06 | Wisp |
| 3:14 | Archer |
| 3:40 | Archer |
| 3:47 | Trueshot Aura |
| 4:20 | Archer |
| 4:21 | Tree of Ages |
| 4:31 | Archer |
| 4:58 | Moon Well |
| 5:07 | Archer |
| 5:24 | Hunter's Hall |
| 5:28 | Archer |
| 5:46 | Scout |
| 6:01 | Archer |
| 6:19 | Archer |
| 7:01 | Improved Bows |
| 8:55 | Tree of Life |
| 9:34 | Long Rifles |
| 9:46 | Scroll of Regeneration |
| 9:47 | Scroll of Town Portal |
| 9:56 | Altar of Elders |
| 10:01 | Moon Well |
| 10:04 | Ancient of War |
| 11:35 | Brilliance Aura |
| 11:37 | Trueshot Aura |
| 12:24 | Moon Well |
| 12:52 | Tree of Life |
| 13:48 | Wisp |
| 13:48 | Wisp |
| 13:56 | Tree of Life |
| 14:44 | Moon Well |
| 14:46 | Moon Well |
| 14:48 | Wisp |
| 14:48 | Wisp |
| 14:49 | Wisp |
| 15:28 | Wisp |
| 15:29 | Wisp |
| 15:32 | Wisp |
| 15:33 | Wisp |
| 15:33 | Wisp |
| 15:33 | Wisp |
| 15:33 | Wisp |
| 15:48 | Tree of Ages |
| 16:18 | Summon Water Elemental |
| 16:35 | Moon Well |
| 16:43 | Scout |
| 17:33 | Wisp |
| 17:34 | Wisp |
| 17:34 | Wisp |
| 17:34 | Wisp |
| 17:34 | Wisp |
| 18:17 | Tree of Eternity |
| 18:21 | Ancient of Wind |
| 18:22 | Ancient of Wind |
| 18:23 | Archer |
| 18:31 | Moon Well |
| 18:33 | Moon Well |
| 18:44 | Hunter's Hall |
| 18:49 | Wisp |
| 18:49 | Wisp |
| 18:50 | Wisp |
| 19:01 | Archer |
| 19:02 | Archer |
| 19:24 | Wisp |
| 19:24 | Wisp |
| 19:30 | Hippogryph |
| 19:30 | Hippogryph |
| 19:44 | Ancient of Wonders |
| 20:00 | Tree of Life |
| 20:13 | Archer |
| 20:13 | Archer |
| 20:13 | Archer |
| 20:25 | Wisp |
| 20:26 | Wisp |
| 20:43 | Hippogryph |
| 20:44 | Hippogryph |
| 20:55 | Wisp |
| 20:55 | Wisp |
| 20:55 | Wisp |
| 21:20 | Force of Nature |
| 22:15 | Entangling Roots |
| 22:36 | Archer |
| 22:39 | Marksmanship |
| 22:40 | Hippogryph |
| 23:37 | Hippogryph |
| 23:38 | Archer |
| 23:38 | Archer |
| 23:40 | Strength of the Moon |
| 23:40 | Well Spring |
| 24:02 | Scroll of Town Portal |
| 24:12 | Archer |
| 24:14 | Hippogryph |
| 24:48 | Archer |
| 24:49 | Archer |
| 25:28 | Hippogryph |
| 26:12 | Boots of Speed |
| 26:14 | Boots of Speed |
| 26:26 | Archer |
| 26:26 | Archer |
| 26:26 | Archer |
| 26:26 | Archer |
| 26:31 | Hippogryph |
| 26:36 | Wisp |
| 26:36 | Wisp |
| 26:36 | Wisp |
| 26:53 | Improved Strength of the Moon |
| 26:59 | Archer |
| 27:01 | Moon Armor |
| 27:39 | Trueshot Aura |
| 28:31 | Hippogryph |
| 28:32 | Archer |
| 28:34 | Advanced Strength of the Moon |
| 28:58 | Force of Nature |
| 29:21 | Archer |
| 29:23 | Hippogryph |
| 29:48 | Hippogryph |
| 29:51 | Improved Moon Armor |
| 30:28 | Moon Well |
| 31:34 | Archer |
| 31:35 | Archer |
| 31:35 | Archer |
| 31:36 | Hippogryph |
| 31:39 | Ancient of War |
| 32:47 | Archer |
| 32:47 | Archer |
| 32:49 | Hippogryph |
| 33:13 | Moon Well |
| 33:18 | Scroll of Town Portal |
| 33:19 | Orb of Venom |
| 34:28 | Hippogryph |
| 34:30 | Advanced Moon Armor |
| 35:14 | Hippogryph |
| 35:15 | Archer |
| 35:56 | Entangling Roots |
| 36:23 | Scroll of Town Portal |
| 36:36 | Wisp |
| 41:12 | Tree of Life |
| 42:09 | Starfall |
| 52:15 | Entangling Roots |
| 59:38 | Scroll of Town Portal |
| Right click | 1950 |
| Select | 731 |
| Select group | 372 |
| Build/train/purchase | 214 |
| Use ability | 54 |
| Assign group | 43 |
| Minimap ping | 42 |
| Chat | 22 |
| Resource trade | 5 |
| Item give/drop | 4 |
| Misc. action | 3 |
| Remove unit | 2 |

| Healing Salve | 7 | 700 |
| Lesser Clarity Potion | 18 | 1260 |
| Potion of Mana | 12 | 2400 |
| Orb of Lightning | 1 | 375 |
| Tiny Great Hall | 1 | 600 |
| Boots of Speed | 1 | 250 |
| Circlet of Nobility | 2 | 350 |
| Staff of Teleportation | 1 | 150 |
| Potion of Lesser Invulnerability | 6 | 900 |
| Boots of Quel'Thalas +6 | 1 | 400 |
| Khadgar's Gem of Health | 2 | 1200 |
| total: | 52 | 8585g |
| Peon | 37 | 2775 | / | 0 |
| Spirit Walker | 1 | 195 | / | 35 |
| Shaman | 1 | 130 | / | 20 |
| Troll Witch Doctor | 10 | 1450 | / | 250 |
| Siege Engine | 7 | 1365 | / | 420 |
| total: | 56 | 5915g | / | 725w |
| Watch Tower | 281 | 30910 | / | 22480 |
| Altar of Storms | 1 | 180 | / | 50 |
| Orc Burrow | 3 | 480 | / | 120 |
| War Mill | 2 | 410 | / | 0 |
| Voodoo Lounge | 1 | 130 | / | 30 |
| Great Hall | 2 | 770 | / | 370 |
| Tauren Totem | 1 | 135 | / | 155 |
| Spirit Lodge | 2 | 300 | / | 300 |
| Stronghold | 1 | 315 | / | 190 |
| Fortress | 1 | 325 | / | 190 |
| Lumber Mill | 1 | 120 | / | 0 |
| Farm | 11 | 880 | / | 220 |
| Workshop | 5 | 700 | / | 700 |
| Castle | 2 | 720 | / | 420 |
| total: | 310 | 35015g | / | 24425w |
| 0:03 | Peon |
| 0:03 | Peon |
| 0:04 | Peon |
| 0:22 | Altar of Storms |
| 0:30 | Orc Burrow |
| 0:36 | War Mill |
| 0:43 | Peon |
| 0:59 | Peon |
| 1:06 | Voodoo Lounge |
| 1:17 | Peon |
| 1:21 | Peon |
| 1:22 | Peon |
| 1:31 | Peon |
| 1:35 | Peon |
| 1:48 | Peon |
| 1:55 | Watch Tower |
| 1:56 | Watch Tower |
| 1:58 | Watch Tower |
| 1:59 | Watch Tower |
| 2:00 | Watch Tower |
| 2:01 | Watch Tower |
| 2:02 | Watch Tower |
| 2:03 | Watch Tower |
| 2:03 | Watch Tower |
| 2:03 | Watch Tower |
| 2:03 | Watch Tower |
| 2:03 | Watch Tower |
| 2:03 | Watch Tower |
| 2:04 | Watch Tower |
| 2:04 | Watch Tower |
| 2:05 | Watch Tower |
| 2:06 | Watch Tower |
| 2:07 | Watch Tower |
| 2:07 | Watch Tower |
| 2:07 | Watch Tower |
| 2:07 | Watch Tower |
| 2:08 | Watch Tower |
| 2:08 | Watch Tower |
| 2:08 | Watch Tower |
| 2:08 | Watch Tower |
| 2:08 | Watch Tower |
| 2:09 | Watch Tower |
| 2:09 | Watch Tower |
| 2:09 | Watch Tower |
| 2:09 | Watch Tower |
| 2:09 | Watch Tower |
| 2:16 | Peon |
| 2:21 | Healing Salve |
| 2:21 | Healing Salve |
| 2:23 | Wind Walk |
| 2:23 | Wind Walk |
| 2:34 | Peon |
| 2:57 | Stronghold |
| 3:07 | Spiked Barricades |
| 3:38 | Orc Burrow |
| 4:00 | Critical Strike |
| 4:10 | Boots of Speed |
| 4:11 | Circlet of Nobility |
| 4:11 | Staff of Teleportation |
| 5:20 | Reinforced Defenses |
| 5:23 | Tauren Totem |
| 5:27 | Spirit Lodge |
| 5:30 | Spirit Lodge |
| 6:05 | Peon |
| 6:05 | Peon |
| 6:05 | Peon |
| 6:05 | Peon |
| 6:05 | Peon |
| 6:06 | Peon |
| 6:06 | Peon |
| 6:06 | Peon |
| 6:15 | Watch Tower |
| 6:16 | Watch Tower |
| 6:17 | Watch Tower |
| 6:18 | Watch Tower |
| 6:19 | Watch Tower |
| 6:20 | Watch Tower |
| 6:21 | Watch Tower |
| 6:22 | Watch Tower |
| 6:23 | Watch Tower |
| 6:23 | Watch Tower |
| 6:24 | Watch Tower |
| 6:24 | Watch Tower |
| 6:25 | Watch Tower |
| 6:25 | Watch Tower |
| 6:26 | Watch Tower |
| 6:27 | Watch Tower |
| 6:28 | Watch Tower |
| 6:28 | Watch Tower |
| 6:28 | Watch Tower |
| 6:28 | Watch Tower |
| 6:29 | Watch Tower |
| 6:29 | Watch Tower |
| 6:29 | Watch Tower |
| 6:29 | Watch Tower |
| 6:29 | Watch Tower |
| 6:30 | Watch Tower |
| 6:30 | Watch Tower |
| 6:30 | Watch Tower |
| 6:30 | Watch Tower |
| 6:30 | Watch Tower |
| 6:30 | Watch Tower |
| 6:31 | Watch Tower |
| 6:31 | Watch Tower |
| 6:31 | Watch Tower |
| 6:31 | Watch Tower |
| 6:32 | Watch Tower |
| 6:32 | Watch Tower |
| 6:33 | Peon |
| 6:34 | Peon |
| 6:37 | Fortress |
| 6:39 | Spirit Walker |
| 6:47 | Witch Doctor Adept Training |
| 6:47 | Shaman Adept Training |
| 6:58 | Improved Spiked Barricades |
| 7:09 | Lesser Clarity Potion |
| 7:09 | Lesser Clarity Potion |
| 7:28 | Circlet of Nobility |
| 7:38 | Peon |
| 7:38 | Peon |
| 7:40 | War Mill |
| 7:43 | Peon |
| 7:43 | Peon |
| 7:44 | Peon |
| 7:44 | Peon |
| 7:52 | Shaman |
| 7:53 | Troll Witch Doctor |
| 8:06 | Workshop |
| 8:06 | Workshop |
| 8:07 | Workshop |
| 8:08 | Workshop |
| 8:16 | Lumber Mill |
| 8:26 | Workshop |
| 8:31 | Wind Walk |
| 8:46 | Watch Tower |
| 8:46 | Watch Tower |
| 8:46 | Watch Tower |
| 8:46 | Watch Tower |
| 8:46 | Watch Tower |
| 8:47 | Watch Tower |
| 8:47 | Watch Tower |
| 8:47 | Watch Tower |
| 8:47 | Watch Tower |
| 8:47 | Watch Tower |
| 8:48 | Watch Tower |
| 8:48 | Watch Tower |
| 8:48 | Watch Tower |
| 8:48 | Watch Tower |
| 9:19 | Castle |
| 9:28 | Watch Tower |
| 9:29 | Watch Tower |
| 9:29 | Watch Tower |
| 9:29 | Watch Tower |
| 9:29 | Watch Tower |
| 9:29 | Watch Tower |
| 9:30 | Watch Tower |
| 9:30 | Watch Tower |
| 9:30 | Watch Tower |
| 9:45 | Farm |
| 9:45 | Farm |
| 9:45 | Farm |
| 9:46 | Farm |
| 9:46 | Farm |
| 9:47 | Farm |
| 9:47 | Farm |
| 9:48 | Farm |
| 9:49 | Improved Masonry |
| 9:51 | Improved Lumber Harvesting |
| 9:52 | Advanced Lumber Harvesting |
| 10:27 | Witch Doctor Master Training |
| 10:29 | Shaman Master Training |
| 11:07 | Lesser Clarity Potion |
| 11:07 | Potion of Mana |
| 11:10 | Healing Salve |
| 11:19 | Lesser Clarity Potion |
| 11:30 | Peon |
| 11:30 | Peon |
| 11:30 | Peon |
| 11:30 | Peon |
| 11:30 | Peon |
| 11:44 | Siege Engine |
| 11:47 | Iron Plating |
| 11:48 | Black Gunpowder |
| 12:01 | Troll Witch Doctor |
| 12:24 | Farm |
| 12:25 | Farm |
| 12:25 | Farm |
| 12:50 | Orc Burrow |
| 12:53 | Boots of Quel'Thalas +6 |
| 13:01 | Siege Engine |
| 13:18 | Steel Plating |
| 13:44 | Troll Witch Doctor |
| 13:53 | Watch Tower |
| 13:53 | Watch Tower |
| 13:53 | Watch Tower |
| 13:53 | Watch Tower |
| 13:54 | Watch Tower |
| 13:54 | Watch Tower |
| 13:54 | Watch Tower |
| 13:54 | Watch Tower |
| 13:55 | Watch Tower |
| 13:55 | Watch Tower |
| 13:55 | Watch Tower |
| 13:55 | Watch Tower |
| 13:56 | Watch Tower |
| 13:56 | Watch Tower |
| 13:56 | Watch Tower |
| 13:56 | Watch Tower |
| 13:59 | Watch Tower |
| 13:59 | Watch Tower |
| 13:59 | Watch Tower |
| 13:59 | Watch Tower |
| 13:59 | Watch Tower |
| 14:00 | Watch Tower |
| 14:13 | Siege Engine |
| 14:45 | Critical Strike |
| 15:07 | Lesser Clarity Potion |
| 15:08 | Potion of Mana |
| 15:10 | Orb of Lightning |
| 15:18 | Siege Engine |
| 16:34 | Troll Witch Doctor |
| 16:50 | Refined Gunpowder |
| 16:55 | Lesser Clarity Potion |
| 16:56 | Potion of Mana |
| 17:33 | Watch Tower |
| 17:33 | Watch Tower |
| 17:33 | Watch Tower |
| 17:33 | Watch Tower |
| 17:34 | Watch Tower |
| 17:34 | Watch Tower |
| 17:34 | Watch Tower |
| 17:34 | Watch Tower |
| 17:34 | Watch Tower |
| 17:35 | Watch Tower |
| 17:35 | Watch Tower |
| 17:35 | Watch Tower |
| 17:36 | Watch Tower |
| 17:36 | Watch Tower |
| 17:36 | Watch Tower |
| 17:37 | Watch Tower |
| 17:37 | Watch Tower |
| 17:37 | Watch Tower |
| 17:37 | Watch Tower |
| 17:38 | Watch Tower |
| 17:38 | Watch Tower |
| 17:38 | Watch Tower |
| 17:38 | Watch Tower |
| 17:39 | Watch Tower |
| 17:39 | Watch Tower |
| 17:39 | Watch Tower |
| 17:39 | Watch Tower |
| 17:51 | Siege Engine |
| 17:54 | Siege Engine |
| 18:05 | Troll Witch Doctor |
| 18:22 | Siege Engine |
| 18:24 | Advanced Masonry |
| 19:29 | Imbued Masonry |
| 19:32 | Critical Strike |
| 19:58 | Watch Tower |
| 19:59 | Watch Tower |
| 19:59 | Watch Tower |
| 19:59 | Watch Tower |
| 19:59 | Watch Tower |
| 19:59 | Watch Tower |
| 20:00 | Watch Tower |
| 20:00 | Watch Tower |
| 20:00 | Watch Tower |
| 20:00 | Watch Tower |
| 20:00 | Watch Tower |
| 20:01 | Watch Tower |
| 20:01 | Watch Tower |
| 20:01 | Watch Tower |
| 20:01 | Watch Tower |
| 20:01 | Watch Tower |
| 22:14 | Great Hall |
| 22:15 | Watch Tower |
| 22:15 | Watch Tower |
| 22:16 | Watch Tower |
| 22:16 | Watch Tower |
| 22:16 | Watch Tower |
| 22:17 | Watch Tower |
| 22:17 | Watch Tower |
| 22:17 | Watch Tower |
| 22:17 | Watch Tower |
| 22:17 | Watch Tower |
| 22:18 | Watch Tower |
| 22:18 | Watch Tower |
| 22:18 | Watch Tower |
| 22:18 | Watch Tower |
| 22:19 | Watch Tower |
| 22:19 | Watch Tower |
| 22:19 | Watch Tower |
| 22:19 | Watch Tower |
| 22:19 | Watch Tower |
| 22:20 | Watch Tower |
| 22:20 | Watch Tower |
| 22:20 | Watch Tower |
| 22:20 | Watch Tower |
| 22:21 | Watch Tower |
| 22:21 | Watch Tower |
| 22:21 | Watch Tower |
| 22:22 | Watch Tower |
| 22:22 | Watch Tower |
| 22:22 | Watch Tower |
| 22:23 | Watch Tower |
| 22:23 | Watch Tower |
| 22:32 | Lesser Clarity Potion |
| 22:32 | Potion of Mana |
| 23:20 | Lesser Clarity Potion |
| 23:20 | Potion of Mana |
| 23:22 | Healing Salve |
| 24:14 | Lesser Clarity Potion |
| 24:16 | Healing Salve |
| 25:03 | Bladestorm |
| 26:31 | Tiny Great Hall |
| 26:54 | Lesser Clarity Potion |
| 27:19 | Watch Tower |
| 27:21 | Watch Tower |
| 27:34 | Watch Tower |
| 28:02 | Watch Tower |
| 29:04 | Watch Tower |
| 29:05 | Watch Tower |
| 29:07 | Watch Tower |
| 29:08 | Watch Tower |
| 29:09 | Watch Tower |
| 29:09 | Watch Tower |
| 29:10 | Watch Tower |
| 29:10 | Watch Tower |
| 29:11 | Watch Tower |
| 29:11 | Watch Tower |
| 29:12 | Watch Tower |
| 29:12 | Watch Tower |
| 29:12 | Watch Tower |
| 29:12 | Watch Tower |
| 29:13 | Watch Tower |
| 29:13 | Watch Tower |
| 29:13 | Watch Tower |
| 29:13 | Watch Tower |
| 29:13 | Watch Tower |
| 29:14 | Watch Tower |
| 29:14 | Watch Tower |
| 29:14 | Watch Tower |
| 29:14 | Watch Tower |
| 29:14 | Watch Tower |
| 29:15 | Watch Tower |
| 29:15 | Watch Tower |
| 29:15 | Watch Tower |
| 29:15 | Watch Tower |
| 29:16 | Watch Tower |
| 29:16 | Watch Tower |
| 29:16 | Watch Tower |
| 29:17 | Watch Tower |
| 29:17 | Watch Tower |
| 29:17 | Watch Tower |
| 29:17 | Watch Tower |
| 29:17 | Watch Tower |
| 29:18 | Watch Tower |
| 29:18 | Watch Tower |
| 29:19 | Watch Tower |
| 29:19 | Watch Tower |
| 29:19 | Watch Tower |
| 29:19 | Watch Tower |
| 29:20 | Watch Tower |
| 29:20 | Watch Tower |
| 29:20 | Watch Tower |
| 29:20 | Watch Tower |
| 29:21 | Watch Tower |
| 29:21 | Watch Tower |
| 29:21 | Watch Tower |
| 29:21 | Watch Tower |
| 29:22 | Watch Tower |
| 29:22 | Watch Tower |
| 29:22 | Watch Tower |
| 29:22 | Watch Tower |
| 29:23 | Watch Tower |
| 29:23 | Watch Tower |
| 29:23 | Watch Tower |
| 29:23 | Watch Tower |
| 29:24 | Watch Tower |
| 29:24 | Watch Tower |
| 29:24 | Watch Tower |
| 29:24 | Watch Tower |
| 29:24 | Watch Tower |
| 29:25 | Watch Tower |
| 29:25 | Watch Tower |
| 29:25 | Watch Tower |
| 29:25 | Watch Tower |
| 29:26 | Watch Tower |
| 29:26 | Watch Tower |
| 29:26 | Watch Tower |
| 29:26 | Watch Tower |
| 29:27 | Watch Tower |
| 29:27 | Watch Tower |
| 29:27 | Watch Tower |
| 29:28 | Watch Tower |
| 29:28 | Watch Tower |
| 29:28 | Watch Tower |
| 29:28 | Watch Tower |
| 29:29 | Watch Tower |
| 29:29 | Watch Tower |
| 29:29 | Watch Tower |
| 30:15 | Lesser Clarity Potion |
| 30:22 | Potion of Mana |
| 30:22 | Potion of Mana |
| 31:07 | Great Hall |
| 31:45 | Troll Witch Doctor |
| 34:32 | Troll Witch Doctor |
| 35:44 | Potion of Lesser Invulnerability |
| 36:04 | Wind Walk |
| 36:15 | Lesser Clarity Potion |
| 36:15 | Potion of Mana |
| 36:45 | Troll Witch Doctor |
| 36:58 | Khadgar's Gem of Health |
| 37:24 | Potion of Lesser Invulnerability |
| 38:13 | Lesser Clarity Potion |
| 38:14 | Potion of Mana |
| 38:49 | Potion of Lesser Invulnerability |
| 40:36 | Lesser Clarity Potion |
| 40:37 | Potion of Mana |
| 41:11 | Watch Tower |
| 41:12 | Watch Tower |
| 41:40 | Potion of Lesser Invulnerability |
| 42:52 | Peon |
| 42:52 | Peon |
| 43:35 | Lesser Clarity Potion |
| 43:37 | Potion of Mana |
| 43:41 | Watch Tower |
| 43:42 | Watch Tower |
| 43:44 | Watch Tower |
| 43:46 | Watch Tower |
| 43:47 | Watch Tower |
| 43:47 | Watch Tower |
| 43:50 | Peon |
| 43:59 | Healing Salve |
| 45:27 | Lesser Clarity Potion |
| 46:34 | Khadgar's Gem of Health |
| 46:45 | Watch Tower |
| 47:13 | Mirror Image |
| 47:21 | Lesser Clarity Potion |
| 47:40 | Potion of Lesser Invulnerability |
| 48:04 | Troll Witch Doctor |
| 50:29 | Lesser Clarity Potion |
| 50:29 | Potion of Mana |
| 50:31 | Healing Salve |
| 52:07 | Potion of Lesser Invulnerability |
| 52:53 | Troll Witch Doctor |
| Right click | 1133 |
| Select | 624 |
| Build/train/purchase | 425 |
| Use ability | 323 |
| Misc. action | 154 |
| Item give/drop | 46 |
| Select group | 16 |
| Esc | 9 |
| Assign group | 6 |
| Resource trade | 5 |
| Remove unit | 2 |

| Peasant | 9 | 675 | / | 0 |
| Rifleman | 8 | 1640 | / | 240 |
| Footman | 5 | 675 | / | 0 |
| total: | 22 | 2990g | / | 240w |
| Altar of Kings | 1 | 180 | / | 50 |
| Farm | 6 | 480 | / | 120 |
| Blacksmith | 1 | 140 | / | 60 |
| Barracks | 1 | 160 | / | 60 |
| Arcane Vault | 1 | 130 | / | 30 |
| Keep | 1 | 320 | / | 210 |
| total: | 10 | 1090g | / | 320w |
| 0:06 | Peasant |
| 0:06 | Peasant |
| 0:11 | Altar of Kings |
| 0:24 | Farm |
| 0:27 | Blacksmith |
| 0:31 | Peasant |
| 0:31 | Peasant |
| 0:31 | Peasant |
| 0:56 | Peasant |
| 1:06 | Barracks |
| 1:27 | Peasant |
| 1:28 | Peasant |
| 1:32 | Farm |
| 1:44 | Peasant |
| 2:17 | Summon Water Elemental |
| 2:48 | Rifleman |
| 3:00 | Rifleman |
| 3:16 | Rifleman |
| 3:23 | Farm |
| 4:01 | Farm |
| 4:15 | Rifleman |
| 4:16 | Rifleman |
| 4:16 | Rifleman |
| 4:36 | Rifleman |
| 4:41 | Arcane Vault |
| 5:00 | Farm |
| 5:25 | Brilliance Aura |
| 5:33 | Rifleman |
| 5:41 | Keep |
| 6:07 | Footman |
| 6:09 | Farm |
| 6:11 | Footman |
| 6:14 | Black Gunpowder |
| 6:15 | Iron Plating |
| 7:11 | Footman |
| 7:11 | Footman |
| 7:26 | Footman |
| Select group | 376 |
| Right click | 300 |
| Select | 195 |
| Assign group | 125 |
| Misc. action | 85 |
| Build/train/purchase | 39 |
| Use ability | 1 |
| Remove unit | 1 |
225 units @ 29.7k
/ 4.6k
159 buildings @ 18.9k
/ 9.1k
DudeWhy
(236)
(62:19) : 

| Peasant | 26 | 1950 | / | 0 |
| Footman | 12 | 1620 | / | 0 |
| Knight | 1 | 245 | / | 60 |
| Mortar Team | 18 | 3240 | / | 1260 |
| Flying Machine | 9 | 900 | / | 270 |
| total: | 66 | 7955g | / | 1590w |
| Scout Tower | 39 | 1170 | / | 780 |
| Guard Tower | 9 | 630 | / | 450 |
| Arcane Tower | 4 | 280 | / | 200 |
| Altar of Kings | 1 | 180 | / | 50 |
| Barracks | 2 | 320 | / | 120 |
| Farm | 9 | 720 | / | 180 |
| Lumber Mill | 1 | 120 | / | 0 |
| Blacksmith | 1 | 140 | / | 60 |
| Town Hall | 4 | 1540 | / | 820 |
| Arcane Sanctum | 1 | 150 | / | 140 |
| Workshop | 4 | 560 | / | 560 |
| Keep | 1 | 320 | / | 210 |
| Castle | 1 | 360 | / | 210 |
| total: | 62 | 4900g | / | 2710w |
| 0:03 | Peasant |
| 0:03 | Peasant |
| 0:17 | Altar of Kings |
| 0:20 | Barracks |
| 0:35 | Farm |
| 0:36 | Peasant |
| 0:56 | Peasant |
| 1:02 | Farm |
| 1:23 | Footman |
| 1:43 | Peasant |
| 1:50 | Lumber Mill |
| 1:52 | Peasant |
| 2:24 | Storm Bolt |
| 2:47 | Footman |
| 2:58 | Barracks |
| 3:02 | Farm |
| 3:16 | Footman |
| 3:32 | Peasant |
| 3:32 | Peasant |
| 3:51 | Footman |
| 3:51 | Footman |
| 4:41 | Scout Tower |
| 4:42 | Scout Tower |
| 4:43 | Scout Tower |
| 4:43 | Scout Tower |
| 4:49 | Footman |
| 4:50 | Footman |
| 5:04 | Scout Tower |
| 5:20 | Guard Tower |
| 5:23 | Scout Tower |
| 5:23 | Scout Tower |
| 5:24 | Scout Tower |
| 5:30 | Footman |
| 5:30 | Footman |
| 5:42 | Guard Tower |
| 6:21 | Guard Tower |
| 6:24 | Keep |
| 6:31 | Defend |
| 7:27 | Bash |
| 7:43 | Guard Tower |
| 7:45 | Footman |
| 7:46 | Footman |
| 7:51 | Farm |
| 7:52 | Farm |
| 7:53 | Farm |
| 9:05 | Peasant |
| 9:08 | Footman |
| 9:38 | Castle |
| 9:45 | Improved Lumber Harvesting |
| 9:58 | Scout Tower |
| 10:52 | Arcane Tower |
| 11:19 | Blacksmith |
| 11:52 | Scout Tower |
| 11:55 | Scout Tower |
| 11:56 | Scout Tower |
| 12:38 | Arcane Sanctum |
| 12:42 | Knight |
| 12:59 | Iron Forged Swords |
| 13:44 | Workshop |
| 13:56 | Magic Sentry |
| 14:23 | Workshop |
| 14:44 | Peasant |
| 14:45 | Peasant |
| 14:48 | Farm |
| 14:50 | Farm |
| 14:53 | Fragmentation Shards |
| 14:53 | Flare |
| 15:19 | Mortar Team |
| 15:22 | Black Gunpowder |
| 15:53 | Storm Bolt |
| 16:01 | Farm |
| 16:06 | Mortar Team |
| 16:07 | Mortar Team |
| 18:30 | Scout Tower |
| 18:31 | Scout Tower |
| 18:31 | Scout Tower |
| 18:33 | Scout Tower |
| 18:33 | Scout Tower |
| 18:34 | Scout Tower |
| 23:43 | Flying Machine |
| 24:16 | Mortar Team |
| 24:17 | Mortar Team |
| 26:20 | Holy Light |
| 26:24 | Mortar Team |
| 26:54 | Bash |
| 30:25 | Mortar Team |
| 32:12 | Divine Shield |
| 33:50 | Storm Bolt |
| 36:46 | Flying Machine |
| 37:35 | Town Hall |
| 38:14 | Flying Machine |
| 38:32 | Town Hall |
| 38:51 | Scout Tower |
| 38:52 | Scout Tower |
| 38:53 | Scout Tower |
| 38:54 | Scout Tower |
| 39:12 | Scout Tower |
| 39:13 | Scout Tower |
| 39:20 | Scout Tower |
| 39:21 | Scout Tower |
| 39:21 | Scout Tower |
| 39:50 | Arcane Tower |
| 39:55 | Scout Tower |
| 40:01 | Peasant |
| 40:01 | Peasant |
| 40:10 | Flying Machine |
| 40:30 | Guard Tower |
| 40:37 | Arcane Tower |
| 42:08 | Flying Machine |
| 42:08 | Flying Machine |
| 42:09 | Flak Cannons |
| 42:10 | Flying Machine |
| 42:10 | Flying Machine |
| 42:52 | Flying Machine |
| 44:52 | Peasant |
| 44:52 | Peasant |
| 45:27 | Guard Tower |
| 46:06 | Town Hall |
| 47:05 | Peasant |
| 47:05 | Peasant |
| 47:07 | Peasant |
| 47:35 | Peasant |
| 47:37 | Scout Tower |
| 47:38 | Scout Tower |
| 47:40 | Scout Tower |
| 47:43 | Scout Tower |
| 47:46 | Scout Tower |
| 47:48 | Scout Tower |
| 48:01 | Peasant |
| 48:01 | Peasant |
| 48:05 | Guard Tower |
| 48:19 | Guard Tower |
| 48:21 | Peasant |
| 49:18 | Guard Tower |
| 49:59 | Town Hall |
| 51:41 | Scout Tower |
| 51:43 | Scout Tower |
| 51:44 | Scout Tower |
| 51:46 | Scout Tower |
| 51:48 | Scout Tower |
| 52:17 | Arcane Tower |
| 52:30 | Improved Masonry |
| 52:44 | Mortar Team |
| 52:45 | Mortar Team |
| 52:45 | Mortar Team |
| 53:45 | Mortar Team |
| 53:53 | Workshop |
| 53:54 | Workshop |
| 54:36 | Holy Light |
| 55:10 | Mortar Team |
| 55:10 | Mortar Team |
| 55:15 | Mortar Team |
| 56:50 | Mortar Team |
| 56:50 | Mortar Team |
| 56:51 | Mortar Team |
| 56:51 | Mortar Team |
| 59:36 | Avatar |
| 61:11 | Peasant |
| 61:11 | Peasant |
| 61:11 | Peasant |
| 61:11 | Peasant |
| Right click | 2673 |
| Select group | 1314 |
| Select | 563 |
| Misc. action | 247 |
| Build/train/purchase | 124 |
| Resource trade | 84 |
| Use ability | 57 |
| Assign group | 51 |
| Chat | 37 |
| Minimap ping | 17 |
| Esc | 10 |


| Acolyte | 14 | 1050 | / | 0 |
| Ghoul | 13 | 1560 | / | 0 |
| Crypt Fiend | 8 | 1720 | / | 320 |
| Necromancer | 4 | 580 | / | 80 |
| Obsidian Statue | 4 | 800 | / | 140 |
| Abomination | 1 | 240 | / | 70 |
| Meat Wagon | 10 | 2300 | / | 500 |
| Frost Wyrm | 3 | 1155 | / | 360 |
| total: | 57 | 9405g | / | 1470w |
| Nerubian Tower | 2 | 200 | / | 40 |
| Spirit Tower | 4 | 580 | / | 160 |
| Altar of Darkness | 1 | 180 | / | 50 |
| Ziggurat | 8 | 1200 | / | 400 |
| Crypt | 1 | 200 | / | 50 |
| Necropolis | 2 | 450 | / | 0 |
| Graveyard | 1 | 215 | / | 0 |
| Tomb of Relics | 1 | 130 | / | 30 |
| Temple of the Damned | 1 | 155 | / | 140 |
| Slaughterhouse | 2 | 280 | / | 270 |
| Sacrificial Pit | 1 | 75 | / | 150 |
| Boneyard | 3 | 525 | / | 600 |
| Halls of the Dead | 2 | 640 | / | 420 |
| Black Citadel | 2 | 650 | / | 460 |
| total: | 21 | 3410g | / | 1690w |
| 0:08 | Altar of Darkness |
| 0:09 | Ziggurat |
| 0:14 | Acolyte |
| 0:38 | Acolyte |
| 0:41 | Crypt |
| 1:05 | Necropolis |
| 1:43 | Ghoul |
| 1:43 | Ghoul |
| 1:43 | Ghoul |
| 2:13 | Ghoul |
| 2:21 | Carrion Beetles |
| 5:11 | Halls of the Dead |
| 5:12 | Ghoul |
| 5:12 | Ghoul |
| 5:12 | Ghoul |
| 5:15 | Graveyard |
| 6:17 | Tomb of Relics |
| 7:32 | Acolyte |
| 7:36 | Temple of the Damned |
| 7:40 | Slaughterhouse |
| 7:44 | Ziggurat |
| 7:44 | Ziggurat |
| 8:17 | Black Citadel |
| 8:41 | Crypt Fiend |
| 8:45 | Necromancer |
| 8:45 | Necromancer |
| 8:52 | Necromancer Adept Training |
| 8:57 | Obsidian Statue |
| 9:28 | Obsidian Statue |
| 9:44 | Nerubian Tower |
| 10:25 | Ghoul |
| 10:53 | Ghoul |
| 11:05 | Impale |
| 11:12 | Acolyte |
| 11:12 | Acolyte |
| 11:53 | Ghoul |
| 11:53 | Ghoul |
| 11:55 | Necromancer |
| 12:05 | Carrion Beetles |
| 12:33 | Spirit Tower |
| 12:34 | Spirit Tower |
| 13:56 | Ziggurat |
| 14:00 | Ziggurat |
| 14:06 | Unholy Strength |
| 14:09 | Necromancer Master Training |
| 14:11 | Skeletal Mastery |
| 15:04 | Abomination |
| 15:30 | Ghoul |
| 15:31 | Ghoul |
| 16:00 | Necromancer |
| 16:20 | Acolyte |
| 16:20 | Acolyte |
| 16:56 | Acolyte |
| 16:56 | Acolyte |
| 17:52 | Death Coil |
| 18:10 | Necropolis |
| 18:15 | Ziggurat |
| 18:16 | Ziggurat |
| 18:24 | Unholy Aura |
| 18:37 | Nerubian Tower |
| 18:38 | Spirit Tower |
| 20:06 | Acolyte |
| 20:06 | Acolyte |
| 20:06 | Acolyte |
| 20:06 | Acolyte |
| 20:06 | Acolyte |
| 20:10 | Spirit Tower |
| 22:19 | Impale |
| 22:37 | Crypt Fiend |
| 22:43 | Halls of the Dead |
| 23:28 | Crypt Fiend |
| 23:29 | Crypt Fiend |
| 25:27 | Meat Wagon |
| 25:27 | Meat Wagon |
| 25:27 | Meat Wagon |
| 26:14 | Sacrificial Pit |
| 26:17 | Black Citadel |
| 26:21 | Meat Wagon |
| 26:21 | Meat Wagon |
| 26:21 | Meat Wagon |
| 26:21 | Meat Wagon |
| 26:21 | Meat Wagon |
| 26:21 | Meat Wagon |
| 26:22 | Meat Wagon |
| 26:30 | Slaughterhouse |
| 26:54 | Web |
| 29:05 | Unholy Aura |
| 31:29 | Crypt Fiend |
| 31:29 | Crypt Fiend |
| 31:30 | Crypt Fiend |
| 31:30 | Crypt Fiend |
| 31:33 | Ziggurat |
| 34:42 | Boneyard |
| 34:47 | Boneyard |
| 34:48 | Boneyard |
| 35:10 | Impale |
| 36:11 | Death Coil |
| 46:19 | Obsidian Statue |
| 46:19 | Obsidian Statue |
| 46:31 | Frost Wyrm |
| 50:09 | Frost Wyrm |
| 50:10 | Freezing Breath |
| 50:13 | Creature Attack |
| 50:29 | Burrow |
| 54:04 | Improved Creature Attack |
| 54:13 | Frost Wyrm |
| 54:17 | Unholy Aura |
| 58:45 | Locust Swarm |
| 62:15 | Spiked Carapace |
| Right click | 3141 |
| Select group | 1398 |
| Select | 734 |
| Chat | 420 |
| Build/train/purchase | 120 |
| Misc. action | 113 |
| Minimap ping | 71 |
| Use ability | 61 |
| Resource trade | 52 |
| Assign group | 40 |
| Esc | 6 |
Cabeelibob
(194)
(62:18) : 
| Alleria's Flute of Accuracy | 1 | 400 |
| total: | 1 | 400g |
| Peasant | 33 | 2475 | / | 0 |
| Footman | 7 | 945 | / | 0 |
| Gryphon Rider | 7 | 1960 | / | 490 |
| total: | 47 | 5380g | / | 490w |
| Scout Tower | 9 | 270 | / | 180 |
| Arcane Tower | 2 | 140 | / | 100 |
| Guard Tower | 5 | 350 | / | 250 |
| Altar of Kings | 2 | 360 | / | 100 |
| Farm | 12 | 960 | / | 240 |
| Lumber Mill | 2 | 240 | / | 0 |
| Barracks | 2 | 320 | / | 120 |
| Blacksmith | 1 | 140 | / | 60 |
| Town Hall | 3 | 1155 | / | 615 |
| Gryphon Aviary | 2 | 280 | / | 300 |
| Keep | 1 | 320 | / | 210 |
| Castle | 1 | 360 | / | 210 |
| total: | 33 | 3725g | / | 1615w |
| 0:03 | Altar of Kings |
| 0:06 | Altar of Kings |
| 0:10 | Farm |
| 0:11 | Peasant |
| 0:27 | Peasant |
| 0:43 | Peasant |
| 0:54 | Lumber Mill |
| 1:00 | Barracks |
| 1:01 | Peasant |
| 1:02 | Peasant |
| 1:13 | Peasant |
| 1:26 | Farm |
| 1:30 | Farm |
| 1:33 | Peasant |
| 1:37 | Peasant |
| 1:47 | Peasant |
| 1:58 | Farm |
| 1:59 | Peasant |
| 2:08 | Peasant |
| 2:12 | Storm Bolt |
| 2:23 | Peasant |
| 2:42 | Footman |
| 2:44 | Barracks |
| 3:35 | Scout Tower |
| 3:44 | Scout Tower |
| 3:45 | Scout Tower |
| 3:48 | Scout Tower |
| 4:00 | Improved Masonry |
| 4:06 | Arcane Tower |
| 4:14 | Footman |
| 4:17 | Farm |
| 4:23 | Guard Tower |
| 4:26 | Scout Tower |
| 4:30 | Scout Tower |
| 5:12 | Peasant |
| 5:12 | Peasant |
| 5:12 | Peasant |
| 5:15 | Footman |
| 5:18 | Footman |
| 5:57 | Guard Tower |
| 6:24 | Guard Tower |
| 6:26 | Scout Tower |
| 6:33 | Defend |
| 6:35 | Footman |
| 7:20 | Guard Tower |
| 7:24 | Keep |
| 8:09 | Footman |
| 8:41 | Scout Tower |
| 8:54 | Improved Lumber Harvesting |
| 9:56 | Castle |
| 9:59 | Gryphon Aviary |
| 10:01 | Gryphon Aviary |
| 10:05 | Blacksmith |
| 10:19 | Town Hall |
| 10:33 | Footman |
| 10:52 | Advanced Masonry |
| 11:32 | Iron Forged Swords |
| 11:38 | Bash |
| 12:04 | Storm Bolt |
| 12:19 | Storm Hammers |
| 12:20 | Gryphon Rider |
| 12:20 | Gryphon Rider |
| 12:31 | Farm |
| 12:34 | Scout Tower |
| 12:45 | Imbued Masonry |
| 12:48 | Peasant |
| 12:48 | Peasant |
| 12:48 | Peasant |
| 13:27 | Gryphon Rider |
| 13:41 | Steel Forged Swords |
| 13:57 | Alleria's Flute of Accuracy |
| 15:35 | Peasant |
| 15:36 | Peasant |
| 15:36 | Peasant |
| 15:56 | Peasant |
| 15:56 | Peasant |
| 15:56 | Peasant |
| 15:56 | Peasant |
| 16:23 | Bash |
| 17:26 | Farm |
| 17:28 | Farm |
| 17:34 | Farm |
| 17:37 | Farm |
| 18:21 | Gryphon Rider |
| 18:21 | Gryphon Rider |
| 18:32 | Mithril Forged Swords |
| 18:34 | Studded Leather Armor |
| 18:50 | Gryphon Rider |
| 19:15 | Guard Tower |
| 19:53 | Farm |
| 20:24 | Storm Bolt |
| 20:30 | Arcane Tower |
| 20:33 | Farm |
| 22:31 | Gryphon Rider |
| 22:37 | Reinforced Leather Armor |
| 23:26 | Peasant |
| 23:26 | Peasant |
| 23:26 | Peasant |
| 23:26 | Peasant |
| 23:27 | Peasant |
| 24:21 | Dragonhide Armor |
| 24:55 | Avatar |
| 25:59 | Town Hall |
| 29:50 | Bash |
| 32:27 | Animal War Training |
| 35:28 | Peasant |
| 35:29 | Peasant |
| 48:31 | Peasant |
| 50:20 | Town Hall |
| 54:17 | Lumber Mill |
| 62:11 | Thunder Clap |
| 62:11 | Thunder Clap |
| Right click | 1962 |
| Select group | 821 |
| Select | 379 |
| Chat | 256 |
| Misc. action | 205 |
| Build/train/purchase | 97 |
| Assign group | 24 |
| Resource trade | 22 |
| Use ability | 20 |
| Minimap ping | 8 |
| Esc | 4 |
| Item give/drop | 2 |


| Peon | 25 | 1875 | / | 0 |
| Grunt | 1 | 200 | / | 0 |
| Troll Headhunter | 2 | 280 | / | 40 |
| Raider | 7 | 1260 | / | 280 |
| Troll Batrider | 8 | 1280 | / | 320 |
| Demolisher | 5 | 1100 | / | 250 |
| Troll Witch Doctor | 5 | 725 | / | 125 |
| Shaman | 2 | 260 | / | 40 |
| total: | 55 | 6980g | / | 1055w |
| Watch Tower | 14 | 1540 | / | 1120 |
| Altar of Storms | 2 | 360 | / | 100 |
| Orc Burrow | 13 | 2080 | / | 520 |
| Barracks | 2 | 360 | / | 100 |
| War Mill | 2 | 410 | / | 0 |
| Voodoo Lounge | 3 | 390 | / | 90 |
| Great Hall | 3 | 1155 | / | 555 |
| Beastiary | 2 | 290 | / | 280 |
| Spirit Lodge | 2 | 300 | / | 300 |
| Stronghold | 2 | 630 | / | 380 |
| Fortress | 1 | 325 | / | 190 |
| total: | 43 | 6885g | / | 3065w |
| 0:02 | Peon |
| 0:03 | Peon |
| 0:19 | Altar of Storms |
| 0:27 | Peon |
| 0:28 | Peon |
| 0:34 | Orc Burrow |
| 0:50 | Barracks |
| 0:56 | Peon |
| 1:21 | Peon |
| 1:32 | Peon |
| 1:40 | Orc Burrow |
| 1:51 | Grunt |
| 2:17 | War Mill |
| 2:46 | War Stomp |
| 2:48 | Stronghold |
| 3:22 | Orc Burrow |
| 4:44 | Troll Headhunter |
| 4:54 | Orc Burrow |
| 5:27 | Orc Burrow |
| 5:30 | Orc Burrow |
| 6:12 | Voodoo Lounge |
| 6:31 | Troll Headhunter |
| 7:03 | Voodoo Lounge |
| 7:26 | Voodoo Lounge |
| 7:33 | Peon |
| 7:33 | Peon |
| 7:33 | Peon |
| 7:33 | Peon |
| 7:57 | Peon |
| 8:14 | Hex |
| 8:24 | Peon |
| 8:25 | Peon |
| 8:56 | Great Hall |
| 9:05 | Watch Tower |
| 9:05 | Watch Tower |
| 9:12 | Orc Burrow |
| 9:19 | Peon |
| 9:30 | Reinforced Defenses |
| 9:33 | Peon |
| 10:46 | Orc Burrow |
| 11:02 | Barracks |
| 11:06 | Beastiary |
| 12:17 | Peon |
| 12:17 | Peon |
| 12:57 | Raider |
| 12:57 | Ensnare |
| 13:00 | Peon |
| 13:50 | Orc Burrow |
| 13:53 | Orc Burrow |
| 13:58 | Peon |
| 13:58 | Peon |
| 14:23 | Orc Burrow |
| 14:26 | Orc Burrow |
| 14:58 | Endurance Aura |
| 15:13 | Raider |
| 15:16 | Stronghold |
| 15:59 | Healing Wave |
| 16:05 | Raider |
| 16:12 | Altar of Storms |
| 16:53 | War Mill |
| 17:29 | Raider |
| 17:54 | Endurance Aura |
| 18:33 | Pillage |
| 18:40 | Raider |
| 18:42 | Beastiary |
| 19:19 | Healing Wave |
| 19:51 | Raider |
| 20:36 | Troll Batrider |
| 21:30 | Raider |
| 21:51 | Troll Batrider |
| 21:52 | Orc Burrow |
| 22:02 | War Stomp |
| 22:09 | Troll Batrider |
| 22:38 | Troll Batrider |
| 23:31 | Hex |
| 23:38 | Demolisher |
| 23:39 | Fortress |
| 23:41 | Troll Batrider |
| 24:25 | Demolisher |
| 24:47 | Troll Batrider |
| 25:34 | Demolisher |
| 26:10 | Troll Batrider |
| 27:22 | Burning Oil |
| 27:54 | Demolisher |
| 28:24 | Endurance Aura |
| 28:31 | Great Hall |
| 28:33 | Watch Tower |
| 28:42 | Demolisher |
| 30:50 | Troll Batrider |
| 35:00 | Healing Wave |
| 40:34 | Watch Tower |
| 40:37 | Watch Tower |
| 40:39 | Watch Tower |
| 40:41 | Watch Tower |
| 40:44 | Watch Tower |
| 41:13 | Great Hall |
| 44:20 | Reincarnation |
| 45:04 | Watch Tower |
| 45:08 | Watch Tower |
| 45:14 | Watch Tower |
| 45:17 | Watch Tower |
| 46:25 | Spirit Lodge |
| 46:33 | Spirit Lodge |
| 47:25 | Peon |
| 47:26 | Peon |
| 47:27 | Peon |
| 47:27 | Peon |
| 48:13 | Troll Witch Doctor |
| 48:14 | Witch Doctor Adept Training |
| 48:31 | Witch Doctor Master Training |
| 48:54 | Troll Witch Doctor |
| 49:04 | Watch Tower |
| 49:50 | Troll Witch Doctor |
| 50:09 | Watch Tower |
| 50:25 | Troll Witch Doctor |
| 50:29 | Shaman Adept Training |
| 51:02 | Troll Witch Doctor |
| 52:07 | Shaman Master Training |
| 53:55 | Shaman |
| 53:55 | Shaman |
| 58:58 | Big Bad Voodoo |
| Right click | 1295 |
| Select group | 972 |
| Select | 475 |
| Use ability | 262 |
| Misc. action | 182 |
| Chat | 120 |
| Build/train/purchase | 102 |
| Assign group | 54 |
| Remove unit | 1 |
| Esc | 1 |
| Minimap ping | 1 |
⇛